 Dungeon Crawl Stone Soup version 0.31-a0-853-gc9b61b78f7 (webtiles) character file.

Game seed: 10753421961532240475

12 JackS81 the Conjurer (level 2, -1/22 HPs)
             Began as a Naga Conjurer on Oct 8, 2023.
             Slain by a hobgoblin (7 damage)
             ... led by Robin
             ... on level 1 of the Dungeon.
             The game lasted 00:04:39 (915 turns).

JackS81 the Conjurer (Naga Conjurer)                 Turns: 915, Time: 00:04:39

Health: -1/22      AC:  1    Str:  9    XL:     2   Next: 33%
Magic:  5/5        EV:  9    Int: 18    God:
Gold:   72         SH:  0    Dex:  9    Spells: 2/5 levels left

rFire   . . .        h - +0 whip
rCold   . . .        (no shield)
rNeg    . . .        a - +0 robe
rPois   +            (no helmet)
rElec   .            (no cloak)
rCorr   .            (no gloves)
SInv    +            (no barding)
Will    .....        (no amulet)
Stlth   ++           (no ring)
HPRegen 0.23/turn    (no ring)
MPRegen 0.09/turn

%: no passive effects
@: about to teleport, hasted, quick
A: AC +0, large, see invisible, deformed body, poison resistance, slowness 2,
spit poison 1, naga tail 1
a: Spit Poison


You were on level 1 of the Dungeon.
You visited 1 branch of the dungeon, and saw 2 of its levels.

You collected 72 gold pieces.

Inventory:

Hand Weapons
 d - a +0 mace
 g - a +0 short sword
 h - a +0 whip (weapon)
Armour
 a - a +0 robe (worn)
Jewellery
 j - a ring of fire
Scrolls
 c - a scroll of teleportation
 f - a scroll of fog
Potions
 b - a potion of magic
 e - a potion of curing {unknown}
 i - a potion of haste
 k - a potion of attraction {unknown}


   Skills:
 + Level 1.5 Dodging
 + Level 3.1 Stealth
 + Level 2.1 Spellcasting
 + Level 4.4 Conjurations


You had 2 spell levels left.
You knew the following spells:

 Your Spells              Type           Power      Damage    Failure   Level
a - Magic Dart            Conj           68%        1d6       3%          1
b - Searing Ray           Conj           34%        2d5       4%          2

Your spell library contained the following spells:

 Spells                   Type           Power      Damage    Failure   Level
 Kiss of Death            Conj/Necr      36%        2d8       7%          1
 Dazzling Flash           Conj/Hex       18%        N/A       22%         3
 Confusing Touch          Hex            1%         N/A       47%         3
 Fulminant Prism          Conj/Hex       4%         3d5       56%         4
 Iskenderun's Mystic Bla  Conj/Tloc      9%         2d4       56%         4
 Dispel Undead            Necr           1%         3d6       87%         4


Dungeon Overview and Level Annotations

Branches:
Dungeon (2/15)

Altars:

Annotations:
D:1 Robin


Innate Abilities, Weirdness & Mutations

Your serpentine skin is tough. (AC +0)
You have supernaturally acute eyesight. (SInv)
Armour fits poorly on your strangely shaped body.
Your system is resistant to poisons. (rPois)
You cover ground very slowly.
You can spit poison.
You have a snake-like lower body.


Message History

You finish memorising.
Spell assigned to 'b'.
Found a faded altar of an unknown god.
Found a stone staircase leading down.
There is a faded altar of an unknown god here.
This altar belongs to (a) Vehumet, (b) Okawaru or (c) Wu Jian, but you can't tell which.
Press the corresponding letter to learn more about a god, or press enter to convert or escape to cancel.
Okay, then.
There is a stone staircase leading down here.
You now have 63 gold pieces (gained 6).
You open the door.
There is an open door here.
As you open the door, it creaks loudly!
Found 9 gold pieces.
Found a hand axe.
There is an open door here.
You now have 72 gold pieces (gained 9).
You see here a +0 hand axe.
You open the door.
Done exploring.
There is a stone staircase leading down here.
You climb downwards.
The goblin shouts! x5; The hobgoblin shouts!
Robin shouts!
Found a stone staircase leading down.
There is a stone staircase leading up here.
The goblin hits you with a +0 club. The hobgoblin closely misses you. x2
You climb upwards.
There is a stone staircase leading down here.
As you read the scroll labelled YMPEUH COCIUZO, it crumbles to dust.
You feel strangely unstable.
It was a scroll of teleportation.
The hobgoblin hits you. The goblin hits you with a +0 club.
The hobgoblin hits you but does no damage.
Robin roars a battlecry!
The goblins go into a battle-frenzy!
As you read the scroll labelled MOSMAIRIVU, it dissolves into smoke.
It was a scroll of fog.
The hobgoblin closely misses you. The goblin hits you with a +0 club.
The hobgoblin barely misses you. Robin throws the goblin at you!
It was a potion of haste.
You feel yourself speed up. The hobgoblin hits you.
* * * LOW HITPOINT WARNING * * *
The goblin closely misses you. The hobgoblin hits you!
You die...

#.##............#
############
#.##.#.##.##....####.......#
#
#.##.#.##...............##.#
#
#......#####...#####.##.##.#
####.### ##### #.##..#.# #.#
#.###.#.# #.# #######
#.......# ##.##### #§§g§§#
##..#.###### #......#
#§g@g§####..#.####..
#.##.#.#
#§§g§§..............
#.##.#.#
#§§§..####.##.#.##..
#.##...# #.....# #.##.#.####
#.####.# ####### #.##.#.#
#####.####.# #.##.#.# #
#..........# #.##.#.# ##
..#######..########
#......###.
...........#......#
#####......#.


You could see Robin, 2 hobgoblins and a goblin (strong).

Vanquished Creatures
  3 ball pythons (D:1)
  2 endoplasms (D:1)
  2 quokkas (D:1)
  2 frilled lizards (D:1)
  3 rats (D:1)
12 creatures vanquished.

Notes
Turn   | Place    | Note
-------+----------+-------------------------------------------
     0 | D:1      | JackS81 the Naga Conjurer began the quest for the Orb.
     0 | D:1      | Reached XP level 1. HP: 15/15 MP: 3/3
   234 | D:1      | Reached XP level 2. HP: 22/22 MP: 1/5
   557 | D:1      | Learned a level 2 spell: Searing Ray
   582 | D:1      | Found a faded altar of an unknown god.
   910 | D:2      | Noticed Robin
   915 | D:1      | Slain by a hobgoblin

Illustrated notes

Levels and vault maps discovered:
D:1:      heliophobic_arrival_ceremonial_halls, layout_loops_cross,
          ebering_ecumenical_altar_box, minmay_indecisive_spiral
D:2:      layout_basic, serial_forest, infiniplex_forest_straight_1,
          infiniplex_forest_lined_room_3, infiniplex_forest_lined_ring,
          infiniplex_forest_lined_1, infiniplex_forest_clump_C,
          infiniplex_forest_clump_small, infiniplex_forest_end_2,
          infiniplex_forest_end_3, infiniplex_forest_lined_3_way, uniq_terence,
          uniq_robin

Action                     || total
---------------------------++-------
  Melee: Short sword       ||     6
         Whip              ||     5
   Cast: Magic Dart        ||    20
    Use: Scroll            ||     2
         Potion            ||     1
 Armour: Robe              ||    18
  Dodge: Dodged            ||     9

Table legend: (Time is in decaauts)
 A = Elapsed time spent in this place.
 B = Non-inter-level travel time spent in this place.
 C = Inter-level travel time spent in this place.
 D = Time resting spent in this place.
 E = Time spent auto-exploring this place.
 F = Levels seen in this place.
 G = Mean time per level.
                   A        B        C        D        E       F      G
               +--------+--------+--------+--------+--------+-----+--------+
         Total |   1179 |   1129 |     50 |      0 |    967 |   2 |  589.5 |
       Dungeon |   1179 |   1129 |     50 |      0 |    967 |   2 |  589.5 |
               +--------+--------+--------+--------+--------+-----+--------+

Top non-repeatable levels by time:
     D:1: 1177 daAuts
     D:2: 1 daAuts
